Map: Eternal Empire LE

Players

Osiris

  • Race: Terran Terran
  • League: Diamond
  • Spawn Location: 1:00

GoodZilla - Winner!

  • Race: Protoss Protoss
  • Spawn Location: 7:00

VOD

Have the link to the VOD?

Description

Time

  • Played on: May 9, 2020, 6:22 p.m.
  • Length: 11:21
Show
View Real Time Build Order
Export as new Build Order

Osiris Terran 

Build Orders: Gas First Reaper Expand 

Get SALT Encoding   

  12  0:00  SCV  
  13  0:13  SCV  
  14  0:17  Supply Depot  
  14  0:25  SCV  
  14  0:27  Refinery  
  15  0:38  SCV  
  16  0:45  Barracks  
  16  0:51  SCV  
  17  1:03  SCV  
  18  1:15  SCV  
  19  1:31  Reaper  
  20  1:33  Orbital Command  
  20  1:52  Command Center  
  20  2:00  SCV  
  21  2:05  Factory  
  21  2:13  Supply Depot  
  21  2:19  SCV  
  21  2:20  Barracks Reactor  
  22  2:24  Refinery  
  22  2:31  SCV  
  23  2:44  SCV  
  23  2:54  Starport  
  23  2:55  Widow Mine  
  23  2:56  Marine x2  
  27  3:05  Orbital Command  
  26  3:09  Bunker  
  26  3:14  SCV, Marine  
  26  3:17  Marine  
  29  3:24  Widow Mine  
  31  3:29  SCV  
  31  3:31  SCV  
  31  3:33  Medivac  
  35  3:37  Marine  
  36  3:43  Supply Depot  
  36  3:45  SCV, Marine  
  38  3:51  SCV  
  38  3:53  Factory Tech Lab  
  38  3:54  Marine  
  40  4:03  SCV, Marine  
  40  4:06  Supply Depot  
  42  4:14  Starport Tech Lab, Siege Tank  
  45  4:19  Barracks  
  45  4:21  Barracks  
  45  4:22  Marine  
  46  4:24  SCV  
  46  4:29  Supply Depot  
  47  4:32  SCV  
  48  4:38  SCV  
  48  4:41  Refinery  
  48  4:42  Engineering Bay, Marine x2  
  51  4:47  SCV  
  51  4:50  SCV  
  53  5:08  Marine x2  
  53  5:13  Factory Tech Lab  
  55  5:14  Starport Reactor  
  55  5:17  Combat Shield, Stimpack  
  55  5:20  Marauder, Barracks  
  55  5:21  Terran Infantry Weapons Level 1, Barracks  
  57  5:25  Supply Depot  
  51  5:28  Marine x2  
  51  5:32  SCV x2  
  51  5:35  Marauder  
  57  5:40  Siege Tank  
  60  5:44  SCV x2  
  60  5:47  Supply Depot  
  62  5:51  Marine x2  
  62  5:56  SCV  
  65  5:58  SCV  
  65  6:00  Marauder  
  65  6:01  Marauder  
  70  6:09  Medivac x2  
  70  6:10  Supply Depot  
  74  6:12  Supply Depot  
  74  6:28  Supply Depot x2  
  74  6:29  Refinery  
  74  6:32  Marauder, Marine x2  
  78  6:33  Siege Tank  
  78  6:34  Marauder  
  78  6:37  Supply Depot  
  78  6:38  Concussive Shells  
  83  6:42  Medivac  
  83  6:45  SCV  
  86  6:51  Supply Depot  
  86  6:52  SCV  
  87  6:57  SCV, Marauder x2  
  87  6:58  Marine  
  87  7:01  Marine  
  94  7:04  Medivac  
  96  7:09  Supply Depot  
  96  7:17  Liberator, Siege Tank  
  96  7:18  Marine  
  103  7:28  Marauder x2, Marine  
  108  7:36  SCV, Barracks  
  109  7:37  SCV  
  109  7:38  Barracks  
  109  7:43  Supply Depot, Terran Infantry Armor Level 1  
  110  7:51  Marauder x2, Marine x2  
  102  8:07  Medivac, Siege Tank  
  102  8:12  Marauder x2  
  97  8:18  Marine x2  
  97  8:19  Medivac  
  100  8:25  Barracks Reactor  
  100  8:26  Barracks Tech Lab  
  100  8:40  Marauder x2, Liberator  
  105  8:49  Factory Reactor  
  87  9:07  Marauder x2, Marine x2  
  87  9:14  Liberator  
  87  9:15  Marauder, Marine x2  
  94  9:25  Liberator  
  94  9:26  Marine, Widow Mine  
  94  9:27  Marine, Widow Mine  
  94  9:28  Refinery, Marine  
  94  9:29  Command Center  
  94  9:31  Refinery  
  104  9:40  Marauder x2  
  104  9:41  Marine x2  
  110  9:56  Marine  
  110  9:57  Marauder, Marine  
  114  10:02  Marauder  
  116  10:23  Marine  
  116  10:24  Marauder x2, Marine x2, Liberator  
  116  10:25  Widow Mine x2  
  121  10:37  Marauder  
  121  10:42  Orbital Command  
  123  10:43  SCV  
  123  10:45  Marauder  
  120  10:56  Widow Mine x2  
  120  10:57  Marine x2  
Show
View Real Time Build Order
Export as new Build Order

GoodZilla Protoss - Winner!

Build Orders:  

Get SALT Encoding   

  12  0:01  Probe  
  13  0:13  Probe  
  14  0:18  Pylon  
  14  0:25  Probe  
  15  0:37  Gateway  
  15  0:38  Probe (Chrono Boost)  
  16  0:43  Assimilator  
  16  0:47  Probe (Chrono Boost)  
  17  0:52  Probe (Chrono Boost)  
  18  0:58  Pylon  
  18  1:04  Probe (Chrono Boost)  
  19  1:13  Probe (Chrono Boost)  
  20  1:20  Probe  
  21  1:26  Cybernetics Core  
  21  1:32  Probe  
  22  1:48  Nexus  
  22  2:00  Assimilator  
  22  2:02  Stalker  
  22  2:04  Warp Gate  
  23  2:17  Probe (Chrono Boost)  
  24  2:27  Probe (Chrono Boost)  
  25  2:32  Probe (Chrono Boost), Stalker  
  28  2:45  Twilight Council  
  28  3:07  Probe (Chrono Boost)  
  30  3:13  Probe (Chrono Boost)  
  30  3:14  Pylon  
  30  3:17  Probe (Chrono Boost), Robotics Facility  
  32  3:20  Pylon  
  32  3:21  Probe (Chrono Boost)  
  32  3:22  Probe (Chrono Boost)  
  33  3:34  Probe (Chrono Boost)  
  35  3:35  Charge  
  35  3:37  Probe (Chrono Boost)  
  35  3:45  Probe (Chrono Boost)  
  35  3:46  Gateway  
  36  3:49  Gateway  
  36  3:53  Pylon  
  36  3:56  Probe x2 (Chrono Boost), Stalker  
  40  4:05  Observer  
  40  4:08  Probe (Chrono Boost)  
  43  4:14  Probe (Chrono Boost)  
  43  4:15  Gateway  
  43  4:16  Probe (Chrono Boost)  
  44  4:18  Pylon  
  44  4:22  Stalker  
  46  4:24  Probe  
  46  4:27  Observer (Chrono Boost)  
  48  4:42  Stalker, Pylon  
  48  4:43  Stalker  
  52  4:47  Probe  
  52  4:48  Probe  
  54  4:59  Probe  
  55  5:07  Stalker  
  55  5:08  Stalker x2  
  61  5:17  Pylon  
  61  5:20  Probe x2  
  63  5:22  Assimilator  
  63  5:27  Assimilator  
  63  5:32  Probe x2, Nexus  
  65  5:39  Robotics Bay  
  65  5:40  Pylon  
  65  5:44  Probe x2  
  65  5:49  Pylon  
  67  5:53  Zealot x3  
  73  5:58  Gateway  
  73  6:02  Gateway  
  73  6:25  Colossus (Chrono Boost)  
  73  6:27  Probe x2  
  73  6:29  Extended Thermal Lance  
  73  6:31  Forge  
  81  6:36  Gateway  
  82  6:41  Probe (Chrono Boost)  
  82  6:46  Probe (Chrono Boost)  
  84  6:51  Probe (Chrono Boost)  
  85  6:55  Probe (Chrono Boost)  
  85  6:56  Probe (Chrono Boost)  
  85  6:59  Probe (Chrono Boost)  
  87  7:01  Zealot x3  
  87  7:02  Zealot x2  
  87  7:05  Protoss Ground Weapons Level 1  
  97  7:08  Colossus (Chrono Boost)  
  97  7:11  Observer  
  97  7:13  Probe x2  
  97  7:14  Probe  
  106  7:19  Pylon  
  106  7:25  Probe  
  106  7:28  Zealot x2  
  106  7:29  Zealot x2  
  115  7:34  Zealot x2  
  119  7:50  Zealot x4  
  103  8:16  Zealot  
  103  8:17  Stalker x2, Zealot x3  
  103  8:18  Blink (Chrono Boost)  
  103  8:19  Probe  
  115  8:20  Probe x2  
  115  8:24  Assimilator  
  115  8:26  Assimilator  
  116  8:31  Probe  
  116  8:32  Probe x2  
  119  8:37  Colossus (Chrono Boost)  
  119  8:41  Pylon, Templar Archives  
  125  8:44  Probe x3  
  125  8:48  Pylon  
  128  8:51  Nexus  
  112  9:12  Stalker x2  
  112  9:13  Stalker, Zealot x3  
  124  9:26  Gateway  
  124  9:27  Colossus (Chrono Boost), Gateway  
  130  9:31  Gateway  
  130  9:32  Psionic Storm  
  130  9:39  Pylon  
  130  9:50  Stalker x4  
  130  9:51  Stalker x2  
  142  10:17  Zealot x5  
  142  10:18  Zealot  
  140  10:31  Probe x3  
  143  10:38  Stalker x2  
  143  10:39  Stalker, Zealot x2  
  143  10:40  Zealot  
  155  10:43  Probe  
  156  10:51  Probe  
  156  10:53  Zealot x2  
  155  10:59  Pylon  
  155  11:01  Pylon  
  155  11:03  Pylon  
  151  11:04  Zealot  
  151  11:05  Zealot x2  
  151  11:07  Zealot  
Tags
 
Add a new tag
Caveats
  • Supply blocks, unpowered buildings, or Contaminate may cause inaccurate times.
  • Supply counts are checked every 10 seconds.